 Dungeon Crawl Stone Soup version 0.19-a0-277-g85cb9a5 (webtiles) character file.

572 Duffy the Conjurer (level 7, 0/41 HPs)
             Began as a Deep Elf Fire Elementalist on May 26, 2016.
             Killed by divine providence
             ... invoked by an orc priest
              (15 damage)
             ... on level 4 of the Dungeon.
             The game lasted 00:06:28 (5493 turns).

Duffy the Conjurer (Deep Elf Fire Elementalist)     Turns: 5493, Time: 00:06:29

Health: 0/41       AC:  7    Str:  5    XL:     7   Next: 12%
Magic:  13/13      EV: 14    Int: 22    God:
Gold:   310        SH:  0    Dex: 15    Spells: 3 memorised, 4 levels left

rFire  . . .     SeeInvis .     y - +1 short sword (protect)
rCold  . . .     Gourm    .     a - +0 robe
rNeg   . . .     Faith    .     (no shield)
rPois  .         Spirit   .     (no helmet)
rElec  .         Dismiss  .     (no cloak)
rCorr  .         Reflect  .     (no gloves)
SustAt .         Harm     .     (no boots)
MR     .....                    (no amulet)
Stlth  ++........               (no ring)
                                (no ring)

@: not resistant to hostile enchantments, unstealthy
A: no striking features
a: no special abilities


You were on level 4 of the Dungeon.
You were hungry.

You visited 1 branch of the dungeon, and saw 4 of its levels.

You collected 310 gold pieces.


   Skills:
 + Level 3.4 Fighting
 + Level 3.6 Dodging
 - Level 2.4 Stealth
 - Level 3.0 Spellcasting
 - Level 5.0 Conjurations
 - Level 5.0 Fire Magic


You had 4 spell levels left.
You knew the following spells:

 Your Spells              Type           Power        Failure   Level  Hunger
a - Flame Tongue          Conj/Fire      ####.        1%          1    None
j - Sticky Flame          Conj/Fire      ####....     17%         4    ####...
l - Conjure Flame         Conj/Fire      ####....     6%          3    ###....

Inventory:

Hand Weapons
 u - a +0 blowgun
 y - a +1 short sword of protection (weapon)
Missiles
 v - 34 poisoned needles
 A - 2 throwing nets (quivered)
Armour
 a - a +0 robe (worn)
Rods
 l - a +0 lightning rod (11/11)
Jewellery
 E - an uncursed ring of resist corrosion {unknown}
Wands
 o - a wand of lightning (7/15)
 F - a wand of disintegration (16/24)
Scrolls
 d - 2 scrolls of immolation {unknown}
 e - 4 scrolls of remove curse {unknown}
 g - a scroll of recharging {unknown}
 j - a scroll of random uselessness {unknown}
 k - 5 scrolls of identify {unknown}
 q - 2 scrolls of enchant weapon {unknown}
 r - a scroll of blinking {unknown}
 s - a scroll of teleportation {unknown}
 t - a scroll of fear {unknown}
 w - a scroll of enchant armour {unknown}
 x - a scroll of amnesia {unknown}
Potions
 f - a potion of cure mutation {unknown}
 h - 2 potions of haste {unknown}
 n - a potion of agility {unknown}
 p - 3 potions of curing {unknown}
 B - a potion of degeneration {unknown}
 C - a potion of invisibility {unknown}
 D - a potion of flight {unknown}
 G - a potion of heal wounds {unknown}
Books
 b - a book of Flames
Comestibles
 c - 6 bread rations
 i - a beef jerky
 m - 2 meat rations
 H - a royal jelly

Dungeon Overview and Level Annotations

Branches:
Dungeon (4/15)
 Temple: D:4-7

Altars:
Makhleb
Okawaru
Pakellas
Ru
The Shining One


Message History

There is a stone staircase leading up here.
You are feeling very hungry.
A giant newt comes into view.
Cast which spell? (? or * to list)
Aiming: Flame Tongue
Press: ? - help, Shift-Dir - straight line, f - giant newt
Aim: a giant newt The flame tongue hits the giant newt.
You kill the giant newt!
Cast which spell? (? or * to list)
You can't see any susceptible monsters within range! (Use Z to cast anyway.) Cast which spell? (? or * to list)
You can't see any susceptible monsters within range! (Use Z to cast anyway.)
You see here a giant newt corpse.
You butcher the giant newt corpse.
z - a chunk of flesh Eating a chunk of flesh.
This raw flesh tastes terrible.
You continue eating. x2
Done exploring.
Done exploring.
You see here a ring mail.
A giant frog skeleton comes into view.
The orc priest miscasts a cantrip.
The giant frog skeleton hits you but does no damage.
The giant frog skeleton barely misses you.
You see here a ring mail.
Cast which spell? (? or * to list)
Aiming: Conjure Flame
Press: ? - help, Dir - move target cursor The fire roars!
You are feeling hungry.
The giant frog skeleton barely misses you. x2
The giant frog skeleton is engulfed in roaring flames.
The giant frog skeleton hits you but does no damage.
The giant frog skeleton is engulfed in roaring flames.
The giant frog skeleton closely misses you.
The giant frog skeleton is engulfed in roaring flames.
You destroy the giant frog skeleton!
You start resting.
Magic restored.
You see here a ring mail.
The orc is too close now for your liking.
The orc shouts!
The orc priest shouts!
The orc priest mumbles some strange prayers to Beogh against you.
Beogh smites you!
The orc priest invokes the aid of Beogh against you.
Beogh smites you!
The orc priest mumbles some strange prayers to Beogh against you.
Beogh smites you!
You die...

## #.# #.#
#...... #.#
#.# #......
#.# #.#
####### #.##
#.# # #..#
#.# # ##.#
###.# # #.##
#...# # #..#
#...# # ##@##
#...# # #..#
#...# #
##.###...# #
#..##...# #
##.##...#
#.####.#####
#.o........#
##oo.ooo...##
#..........#


You could see 2 orc priests and an orc.

Action                   |  1- 3 |  4- 6 |  7- 9 || total
-------------------------+-------+-------+-------++-------
 Fire: Blowgun           |       |    11 |       ||    11
 Cast: Flame Tongue      |    59 |    94 |    11 ||   164
       Conjure Flame     |     1 |     2 |     1 ||     4
       Sticky Flame      |       |     3 |       ||     3
  Eat: Chunk             |     2 |    11 |     1 ||    14
Armor: Robe              |     9 |     2 |     2 ||    13
Dodge: Dodged            |    13 |    14 |     4 ||    31

Notes
Turn   | Place    | Note
--------------------------------------------------------------
     0 | D:1      | Duffy the Deep Elf Fire Elementalist began the quest for the Orb.
     0 | D:1      | Reached XP level 1. HP: 10/10 MP: 6/6
   375 | D:1      | Reached skill level 2 in Conjurations
   430 | D:1      | Reached XP level 2. HP: 13/15 MP: 4/8
   829 | D:1      | Reached skill level 3 in Conjurations
  1199 | D:1      | Reached XP level 3. HP: 18/19 MP: 3/9
  1208 | D:1      | Learned a level 3 spell: Conjure Flame
  1538 | D:2      | Reached skill level 4 in Conjurations
  1538 | D:2      | Reached XP level 4. HP: 11/24 MP: 2/10
  1774 | D:2      | Learned a level 4 spell: Sticky Flame
  1784 | D:2      | Reached skill level 4 in Fire Magic
  1958 | D:2      | Noticed Terence
  2016 | D:2      | Killed Terence
  2016 | D:2      | Reached XP level 5. HP: 15/28 MP: 0/11
  2341 | D:2      | Found a glowing golden altar of the Shining One.
  3126 | D:3      | Found an iron altar of Okawaru.
  3253 | D:3      | Noticed Jessica
  3259 | D:3      | Killed Jessica
  3655 | D:3      | Reached skill level 5 in Conjurations
  4034 | D:3      | Found a sacrificial altar of Ru.
  4253 | D:4      | Noticed Eustachio
  4268 | D:4      | Killed Eustachio
  4268 | D:4      | Reached skill level 2 in Fighting
  4268 | D:4      | Reached XP level 6. HP: 33/36 MP: 3/12
  4434 | D:4      | Found an oddly glowing altar of Pakellas.
  4441 | D:4      | Found a burning altar of Makhleb.
  4445 | D:4      | Reached skill level 5 in Fire Magic
  4629 | D:4      | Reached skill level 3 in Fighting
  4704 | D:4      | Reached skill level 3 in Dodging
  4879 | D:4      | Reached XP level 7. HP: 41/41 MP: 10/13
  5493 | D:4      | Killed from afar by an orc priest

Skill      XL: |  1  2  3  4  5  6 |
---------------+-------------------+-----
Conjurations   | 2 3 4 5 |  5.0
Fire Magic     | 4 5 |  5.0
Fighting       | 2 3 |  3.4
Dodging        | 3 |  3.6
Stealth        | |  2.4
Spellcasting   | |  3.0

Vault maps used:
D:1:      nicolae_arrival_somewhat_less_tricky_arrival, kennysheep_small_spiral
D:2:      old_standard_altar, minivault_19, uniq_terence
D:3:      okawaru_gym_becter, first_bread, minmay_misc_feat_doors,
          amethyst_killhole, nicolae_ru_sacrificial_ziggurat, uniq_jessica
D:4:      grunt_temple_overflow_open, uniq_eustachio

Vanquished Creatures
  Eustachio
  A scorpion
  2 orc wizards
  A giant frog skeleton Jessica Terence
  2 worker ants
  8 gnolls
  4 adders
  An ooze
  An adder skeleton
  2 worms
  A giant gecko
  6 orcs
  A ball python
  8 giant cockroaches
  5 goblins
  9 hobgoblins
  7 kobolds
  A quokka
  9 bats
  A giant gecko skeleton
  4 giant newts
  A jackal skeleton
  9 rats
87 creatures vanquished.
